Map: Acropolis LE

Players

Tarvillon - Winner!

  • Race: Zerg Zerg
  • League: Platinum
  • Spawn Location: 5:00

Woah

  • Race: Terran Terran
  • Spawn Location: 11:00

VOD

Have the link to the VOD?

Description

Time

  • Played on: June 10, 2019, 11:41 a.m.
  • Length: 9:52
Show
View Real Time Build Order
Export as new Build Order

Tarvillon Zerg - Winner!

Build Orders: Pool First 

Get SALT Encoding   

  12  0:04  Drone  
  13  0:15  Drone  
  13  0:16  Overlord  
  14  0:35  Spawning Pool  
  13  0:36  Drone  
  13  0:41  Drone  
  15  0:48  Drone  
  15  0:49  Extractor  
  15  0:59  Drone  
  16  1:15  Drone  
  16  1:17  Drone  
  18  1:23  Hatchery  
  17  1:28  Drone  
  18  1:34  Queen  
  18  1:39  Overlord  
  20  1:46  Drone  
  21  2:03  Zergling x4  
  23  2:12  Queen  
  25  2:27  Metabolic Boost  
  25  2:37  Queen  
  25  2:38  Drone x4  
  31  2:53  Zergling x6  
  31  2:54  Zergling x2  
  35  3:00  Drone  
  34  3:45  Drone x2  
  34  3:47  Overlord x2  
  36  4:09  Zergling x4  
  41  4:10  Zergling x8  
  38  4:44  Drone x4  
  38  4:45  Overlord x2  
  42  4:56  Lair  
  40  5:03  Zergling x2  
  40  5:04  Zergling x4  
  40  5:10  Zergling x4  
  41  5:18  Zergling x8  
  45  5:24  Roach Warren  
  44  5:35  Evolution Chamber  
  43  5:36  Evolution Chamber  
  43  5:41  Drone x5  
  43  5:42  Overlord  
  47  5:43  Overlord  
  47  5:55  Hatchery  
  46  6:05  Overlord x2  
  46  6:13  Zerg Missile Weapons Level 1, Zerg Ground Armor Level 1  
  42  6:28  Overseer  
  42  6:31  Glial Reconstitution  
  42  6:36  Overseer  
  42  6:38  Extractor, Drone x4  
  42  6:39  Extractor, Drone x3  
  47  6:40  Drone  
  47  6:41  Drone x2  
  48  6:55  Overseer  
  48  6:56  Overseer  
  48  7:05  Roach x5  
  48  7:06  Roach x3  
  64  7:20  Overlord x3  
  64  7:23  Roach x3, Extractor x2  
  64  7:24  Roach x3  
  74  7:37  Roach  
  74  7:38  Roach x3  
  74  7:42  Drone x4  
  74  7:43  Drone  
  87  7:55  Extractor  
  86  8:06  Queen  
  86  8:07  Overlord  
  86  8:08  Overlord x2  
  86  8:09  Roach  
  86  8:10  Roach x5  
  86  8:12  Ravager  
  101  8:13  Ravager  
  102  8:46  Ravager  
  102  8:47  Ravager x5  
  108  8:58  Drone x3  
  108  8:59  Drone x2  
  108  9:00  Drone  
  108  9:01  Drone x7  
  108  9:02  Drone  
  122  9:07  Extractor  
  122  9:09  Hatchery  
  120  9:14  Extractor  
  120  9:16  Spire  
  118  9:17  Roach  
  118  9:18  Roach x6  
  118  9:20  Ravager  
  133  9:35  Spore Crawler  
  133  9:37  Spore Crawler  
  131  9:40  Spore Crawler  
Show
View Real Time Build Order
Export as new Build Order

Woah Terran 

Build Orders: Command Center First (CC) 

Get SALT Encoding   

  12  0:00  SCV  
  13  0:13  SCV  
  14  0:17  Supply Depot  
  14  0:25  SCV  
  15  0:38  SCV  
  16  0:51  SCV  
  17  1:00  Command Center  
  17  1:11  Barracks  
  17  1:14  SCV  
  18  1:22  Refinery  
  18  1:26  Refinery  
  18  1:31  SCV  
  19  1:43  Barracks  
  19  1:46  SCV  
  20  2:03  Orbital Command  
  20  2:20  Orbital Command  
  20  2:30  Barracks Reactor, Barracks Tech Lab  
  20  2:36  Orbital Command  
  20  2:41  Factory  
  20  2:51  Stimpack  
  20  3:05  Barracks  
  20  3:07  Marine  
  20  3:11  SCV  
  22  3:29  Supply Depot  
  20  3:55  Hellion x2  
  18  4:21  Orbital Command  
  16  4:27  Supply Depot  
  16  4:30  SCV  
  9  4:43  SCV  
  10  4:47  SCV  
  10  4:50  Hellion  
  10  4:51  Hellion  
  12  5:15  Barracks Reactor  
  12  5:16  SCV x2  
  14  5:28  SCV  
  15  5:39  Marine x2  
  15  5:40  Siege Tank  
  20  5:43  Barracks Tech Lab  
  20  5:48  SCV  
  20  5:49  SCV  
  22  5:54  Marine x2  
  24  5:57  Marine x2  
  24  6:01  SCV x2  
  28  6:05  Combat Shield  
  28  6:13  SCV x2  
  28  6:15  Orbital Command  
  28  6:30  Marine  
  28  6:31  Marine x3  
  32  6:34  SCV  
  33  6:46  SCV  
  34  6:48  Marine  
  36  6:56  Marine x3  
  36  6:58  SCV  
  39  7:04  SCV  
  40  7:10  SCV  
  40  7:12  Starport  
  41  7:18  Marauder  
  41  7:19  Marine x2  
  45  7:31  Engineering Bay  
  45  7:33  Engineering Bay  
  45  7:38  Supply Depot  
  45  7:39  Marine  
  46  7:59  Marine x3  
  46  8:00  SCV x2  
  46  8:02  Supply Depot  
  46  8:03  Supply Depot x2  
  51  8:12  SCV x2  
  53  8:24  SCV x2  
  55  8:45  Medivac  
  57  8:50  SCV  
  57  8:51  Command Center  
  58  8:56  Marine  
  58  8:57  Marine x2  
  58  8:59  SCV  
  62  9:32  Marine x3, Barracks  
  62  9:33  Marine x2  
Tags
 
Add a new tag
Caveats
  • Supply blocks, unpowered buildings, or Contaminate may cause inaccurate times.
  • Supply counts are checked every 10 seconds.